 Dungeon Crawl Stone Soup version 0.27.0-65-ge2af304b15 (console) character file.

Game seed: 769097432101271242

28 Banquo the Magician (level 3, 0/29 HPs)
             Began as a Djinni Warper on Aug 18, 2021.
             Slain by a worm (8 damage)
             ... on level 3 of the Dungeon.
             The game lasted 00:03:30 (1846 turns).

Banquo the Magician (Djinni Warper)                 Turns: 1846, Time: 00:03:30

Health: 0/29       AC:  3    Str: 10    XL:     3   Next: 27%
Gold:   48         EV: 11    Int: 15    God:
                   SH:  0    Dex: 12

rFire    + + .     SeeInvis .   a - +0 falchion
rCold    x . .     Faith    .   (no shield)
rNeg     . . .     Spirit   .   b - +0 leather armour
rPois    ∞         Reflect  .   (no helmet)
rElec    .         Harm     .   (no cloak)
rCorr    .         Rampage  .   (no gloves)
Will     .....                  (boots unavailable)
Stlth    +.........             (no amulet)
HPRegen  0.09/turn              (no ring)
MPRegen  0.00/turn              (no ring)

@: flying
A: sickness immunity, fire resistance 2, cold vulnerability 1, float, innate
caster, hp casting, extra vitality 1
a: no special abilities


You were on level 3 of the Dungeon.
You visited 1 branch of the dungeon, and saw 3 of its levels.

You collected 48 gold pieces.

Inventory:

Hand Weapons
 a - a +0 falchion (weapon)
 k - a +1 hunting sling of flaming
Missiles
 d - 5 boomerangs of dispersal (quivered)
 j - 29 stones
 m - 20 sling bullets
Armour
 b - a +0 leather armour (worn)
Scrolls
 c - a scroll of blinking
 h - a scroll of identify {unknown}
 l - 5 scrolls of teleportation {unknown}
Potions
 e - 2 potions of brilliance {unknown}
 f - 2 potions of attraction {unknown}
 g - a potion of lignification {unknown}
 i - 2 potions of curing {unknown}


   Skills:
 * Level 2.3 Fighting
 * Level 2.5 Long Blades
 - Level 0.7 Throwing
 - Level 1.0 Armour
 - Level 2.1 Dodging
 + Level 2.7 Spellcasting


You couldn't memorise any spells.
You knew the following spells:

 Your Spells              Type           Power      Damage    Failure   Level
a - Blink                 Tloc           N/A        N/A       14%         2
b - Lesser Beckoning      Tloc           5%         N/A       28%         3
c - Gell's Gravitas       Tloc           5%         N/A       28%         3
d - Teleport Other        Tloc           10%        N/A       28%         3
e - Manifold Assault      Tloc           10%        N/A       95%         5
f - Beastly Appendage     Tmut           20%        N/A       10%         1
Your spell library was empty.

Dungeon Overview and Level Annotations

Branches:
Dungeon (3/15)

Altars:


Innate Abilities, Weirdness & Mutations

You are immune to sickness and miasma.
You are immune to poison.
Your flesh is very heat resistant. (rF++)
You are vulnerable to cold. (rC-)
You float through the air rather than walking.
You learn spells naturally, not from books.
Your magical power is your life essence.
You have superior vitality. (+4 HP)


Message History

The worm is heavily wounded.
You hit the worm.
The worm is heavily wounded.
The worm closely misses you.
You riposte.
You hit the worm.
The worm is heavily wounded.
You hit the worm.
The worm is heavily wounded.
The worm bites you!
You hit the worm but do no damage.
The worm is heavily wounded.
The worm bites you but does no damage.
You hit the worm but do no damage.
The worm is heavily wounded.
You hit the worm.
The worm is heavily wounded.
The worm bites you.
You barely miss the worm.
The worm is heavily wounded.
The worm closely misses you.
You hit the worm but do no damage.
The worm is moderately wounded.
You barely miss the worm.
The worm is moderately wounded.
The worm barely misses you.
You hit the worm.
The worm is moderately wounded.
The worm bites you.
You hit the worm but do no damage.
The worm is moderately wounded.
You barely miss the worm.
The worm is moderately wounded.
The worm bites you!
* * * LOW HITPOINT WARNING * * *
You are too injured to fight recklessly!
You are too injured to fight recklessly!
You are too injured to fight recklessly!
You hit the worm.
The worm is moderately wounded.
The worm bites you!
You die...

. ###.### #.....
... #.##.# #.#
#.##.# #.# #....#
#.# #@#..# #.#
#w#..###.#
#.#...##.#
#.#...##.###
#.#........######
#.#.##.#........#
....##.#.#....#.#
#....##.#.#....#.#
#....
....#....#.##


You could see a worm.

Vanquished Creatures
  A dart slug (D:1)
  4 giant cockroaches
  3 goblins
  3 hobgoblins (D:1)
  4 ball pythons
  2 bats (D:1)
  2 frilled lizards
  2 kobolds (D:1)
  4 rats
25 creatures vanquished.

Notes
Turn   | Place    | Note
-------+----------+-------------------------------------------
     0 | D:1      | Banquo the Djinni Warper began the quest for the Orb.
     0 | D:1      | Reached XP level 1. HP: 18/18 MP: 0/0
   496 | D:1      | Reached XP level 2. HP: 14/23 MP: 0/0
  1594 | D:2      | Reached XP level 3. HP: 28/28 MP: 0/0
  1594 | D:2      | Learned a level 1 spell: Beastly Appendage
  1846 | D:3      | Slain by a worm

Illustrated notes

Levels and vault maps discovered:
D:1:      lightli_arrival_maybe_door_vault, layout_basic, serial_bayou_crossing
D:2:      minmay_roachtagon, layout_basic, st_stairs_3, grunt_ministairs_1
D:3:      layout_basic, led_xom_imps

Skill      XL: |  1 |
---------------+----+-----
Long Blades    | 2 |  2.5
Fighting       | |  2.3
Throwing       | |  0.7
Armour         | |  1.0
Dodging        | |  2.1
Spellcasting   | |  2.7

Action                   || total
-------------------------++-------
Melee: Falchion          ||    82
 Stab: Sleeping          ||     1
Armor: Leather armour    ||    25
Dodge: Dodged            ||    63
       Rpst.: Falchion   ||    24
